 Dungeon Crawl Stone Soup version 0.18.1-50-g88ac8fd (console) character file.

308 Kloppie the Cudgeler (level 6, -3/62 HPs)
             Began as a Troll Berserker on Oct 29, 2016.
             Was a Believer of Trog.
             Slain by a gnoll
             ... wielding a +0 flail
              (9 damage)
             ... on level 4 of the Dungeon.
             The game lasted 00:03:51 (2416 turns).

Kloppie the Cudgeler (Troll Berserker)              Turns: 2416, Time: 00:03:51

Health: -3/62      AC:  5    Str: 26    XL:     6   Next: 17%
Magic:  5/5        EV: 11    Int:  3    God:    Trog [**....]
Gold:   97         SH:  0    Dex: 11    Spells: 0 memorised, 5 levels left

rFire  . . .     SeeInvis .     a - +0 mace
rCold  . . .     Gourm    +     s - +0 robe
rNeg   . . .     Faith    .     (no shield)
rPois  .         Spirit   .     (helmet restricted)
rElec  .         Dismiss  .     (no cloak)
rCorr  .         Reflect  .     (gloves unavailable)
SustAt .         Harm     .     (boots unavailable)
MR     ++...                    (no amulet)
Stlth  +.........               (no ring)
                                (no ring)

@: exhausted, regenerating, slowed, very slow, very resistant to hostile
enchantments, very unstealthy
A: unfitting armour, claws 3, fast metabolism 3, gourmand, regeneration 2,
shaggy fur 1, tough skin 2
a: Berserk, Trog's Hand, Burn Spellbooks, Renounce Religion


You were on level 4 of the Dungeon.
You worshipped Trog.
Trog was pleased with you.
You were very full.

You visited 1 branch of the dungeon, and saw 4 of its levels.

You collected 97 gold pieces.

Inventory:

Hand Weapons
 a - a +0 mace (weapon)
Armour
 s - a +0 robe (worn)
Jewellery
 t - an uncursed ring of protection from cold {unknown}
 w - an uncursed amulet of the gourmand {unknown}
 y - an uncursed ring of ice {unknown}
Scrolls
 d - 4 scrolls of teleportation {unknown}
 i - a scroll of random uselessness {unknown}
 j - a scroll of noise {unknown}
 m - 3 scrolls of identify {unknown}
 n - 4 scrolls of remove curse {unknown}
 o - a scroll of recharging {unknown}
 v - a scroll of immolation {unknown}
Potions
 e - 4 potions of heal wounds {unknown}
 f - a potion of agility {unknown}
 g - a potion of resistance {unknown}
 h - a potion of ambrosia {unknown}
 l - a potion of magic {unknown}
 p - a potion of brilliance {unknown}
 r - a potion of flight {unknown}
 u - 3 potions of curing {unknown}
Books
 q - a book of Necromancy

   Spells                             Type                      Level
   a - Pain                           Necromancy                   1
   b - Animate Skeleton               Necromancy                   1
   c - Vampiric Draining              Necromancy                   3
   d - Regeneration                   Charms/Necromancy            3
   e - Animate Dead                   Necromancy                   4
   f - Control Undead                 Necromancy                   4
   Trog disapproves of the use of such an item.
Comestibles
 b - a royal jelly
 c - 2 bread rations
 k - a slice of pizza
 x - 5 fruits


   Skills:
 + Level 3.9 Fighting
 + Level 4.1 Maces & Flails
 + Level 3.9 Dodging


You had 5 spell levels left.
You didn't know any spells.

Dungeon Overview and Level Annotations

Branches:
Dungeon (4/15)
 Temple: D:4-7

Altars:
Okawaru
Xom


Innate Abilities, Weirdness & Mutations

You are too large for most types of armour.
You have claws for hands.
Your metabolism is lightning-fast.
You like to eat raw meat.
You heal very quickly.
You are covered in fur (AC +1).
You have very tough skin (AC +2).


Message History

The gnoll is severely wounded.
The orc hits you but does no damage. The orc closely misses you.
You barely miss the gnoll.
The gnoll is severely wounded.
The gnoll hits you with a flail.
* * * LOW HITPOINT WARNING * * *
The orc closely misses you.
You barely miss the gnoll.
The gnoll is severely wounded.
You are no longer berserk.
You are exhausted.
You feel yourself slow down. The orc hits you but does no damage.
The gnoll misses you.
You hit the gnoll but do no damage.
The gnoll is severely wounded.
The orc hits you but does no damage.
The orc hits you with a falchion of slicing.
* * * LOW HITPOINT WARNING * * *
x2 The gnoll hits you with a flail!
You die...

............#..... #.....#
............#....... #.....#
......[.....#....... #.....#
###..########...... #####.....#
###..#........###'####...#.....#
.#..<#.....)..#..........#.....#
.#...#........+..........#.....#
.###'#........#.og.......'.....#
##............#.@oo......#.....#
#...>........#'##o.##...#!....#
#...)#######....#'#####'#.....'.
#....'.....#....+..#....#.....#.
#....#.....#....#..#....#.....#
#....###...#....#######.#..$..#
##.....# ..#...... #.##.....
#.....# .#....... #.. #.....#
#........ #..


You could see a gnoll and 4 orcs.

Vanquished Creatures
  The ghost of UranusSolar the Conjurer, an amateur DEWz (D:3)
  The ghost of Redfield the Conjurer, an amateur OpWz (D:4)
  Ijyb (D:2)
  2 gnolls (D:4)
  2 adders
  An adder skeleton (D:4)
  2 worms
  4 giant geckos
  3 orcs
  A ball python (D:1)
  3 giant cockroaches
  5 goblins
  7 hobgoblins
  3 jackals
  9 bats
  A giant gecko skeleton (D:4)
  3 giant newts
  5 kobolds
  6 rats
60 creatures vanquished.

Notes
Turn   | Place    | Note
--------------------------------------------------------------
     0 | D:1      | Kloppie the Troll Berserker began the quest for the Orb.
     0 | D:1      | Reached XP level 1. HP: 22/22 MP: 0/0
   132 | D:1      | Reached XP level 2. HP: 24/29 MP: 1/1
   252 | D:1      | Reached skill level 3 in Maces & Flails
   279 | D:1      | Found a shimmering altar of Xom.
   638 | D:2      | Reached ** piety under Trog
   668 | D:2      | Noticed Ijyb
   679 | D:2      | Killed Ijyb
   679 | D:2      | Reached XP level 3. HP: 34/36 MP: 2/2
  1153 | D:2      | Reached XP level 4. HP: 45/45 MP: 3/3
  1485 | D:3      | Noticed UranusSolar's ghost (amateur DEWz)
  1499 | D:3      | Killed UranusSolar's ghost
  1499 | D:3      | Reached XP level 5. HP: 53/53 MP: 4/4
  1709 | D:3      | Found an iron altar of Okawaru.
  2316 | D:4      | Noticed Redfield's ghost (amateur OpWz)
  2331 | D:4      | Killed Redfield's ghost
  2331 | D:4      | Reached skill level 4 in Maces & Flails
  2331 | D:4      | Reached XP level 6. HP: 47/62 MP: 5/5
  2416 | D:4      | Slain by a gnoll

Skill      XL: |  1  2  3  4  5 |
---------------+----------------+-----
Maces & Flails | 3 4 |  4.1
Dodging        | 3 |  3.9
Fighting       | 3 |  3.9

Action                   |  1- 3 |  4- 6 || total
-------------------------+-------+-------++-------
Melee: Mace              |    88 |   121 ||   209
Invok: Berserk           |       |     3 ||     3
       Trog's Hand       |       |     2 ||     2
 Stab: Sleeping          |     1 |       ||     1
  Eat: Chunk             |    16 |    14 ||    30
Armor: Animal skin       |    35 |       ||    35
       Robe              |     1 |    48 ||    49
Dodge: Dodged            |    55 |    77 ||   132
